 Dungeon Crawl Stone Soup version 0.29-a0-341-g24ffce5b50 (webtiles) character file.

Game seed: 12271766198103081940

575 Cecur the Caller (level 7, -2/46 HPs)
             Began as a Demonspawn Summoner on Apr 21, 2022.
             Was a Priest of Nemelex Xobeh.
             Slain by a killer bee (3 damage)
             ... on level 5 of the Dungeon.
             The game lasted 00:13:39 (6277 turns).

Cecur the Caller (Demonspawn Summoner)              Turns: 6277, Time: 00:13:40

Health: -2/46      AC:  3    Str:  9    XL:     7   Next: 12%
Magic:  3/14       EV: 12    Int: 16    God:    Nemelex Xobeh [***...]
Gold:   207        SH:  0    Dex: 13    Spells: 10/16 levels left

rFire   . . .      SeeInvis .   i - +0 dagger
rCold   . . .      Faith    .   (no shield)
rNeg    . . .      Spirit   .   a - +0 robe
rPois   .          Reflect  .   m - +1 hat
rElec   .          Harm     .   (no cloak)
rCorr   .          Rampage  .   (no gloves)
Will    +....                   (no boots)
Stlth   ++........              (no amulet)
HPRegen 0.15/turn               (no ring)
MPRegen 0.14/turn               (no ring)

@: lethally poisoned (-2 -> -16)
A: hooves 2, demonic guardian 1, powered by pain 1, dopey 1, strong-willed 1,
noise suppression
a: Renounce Religion, Draw Escape, Draw Destruction, Draw Summoning, Triple Draw


You were on level 5 of the Dungeon.
You worshipped Nemelex Xobeh.
Nemelex Xobeh was most pleased with you.
You visited 1 branch of the dungeon, and saw 5 of its levels.

You collected 207 gold pieces.

Inventory:

Hand Weapons
 i - a +0 dagger (weapon)
Armour
 a - a +0 robe (worn)
 m - a +1 hat (worn)
 B - a +0 pair of boots
Magical Staves
 y - a staff of conjuration
Jewellery
 q - a +6 ring of strength
 u - an amulet of magic regeneration
Wands
 x - a wand of polymorph (10)
 C - a wand of paralysis (5)
 H - a wand of charming (3)
Scrolls
 c - 2 scrolls of summoning {unknown}
 d - 2 scrolls of identify {unknown}
 e - 2 scrolls of blinking {unknown}
 g - 3 scrolls of teleportation {unknown}
 h - a scroll of silence {unknown}
 k - 3 scrolls of enchant weapon {unknown}
 n - 2 scrolls of immolation {unknown}
 r - a scroll of fear {unknown}
 s - a scroll of noise {unknown}
 D - a scroll of acquirement {unknown}
 E - a scroll of fog {unknown}
 F - a scroll of vulnerability {unknown}
 J - a scroll of holy word {unknown}
Potions
 b - a potion of magic
 f - 3 potions of mutation
 j - a potion of berserk rage {unknown}
 l - a potion of curing {unknown}
 o - a potion of flight {unknown}
 p - a potion of lignification {unknown}
 t - 2 potions of attraction {unknown}
 v - a potion of haste {unknown}
 w - a potion of cancellation {unknown}
 z - a potion of heal wounds {unknown}
 A - a potion of brilliance {unknown}
 G - 2 potions of ambrosia {unknown}
 I - a potion of invisibility {unknown}


   Skills:
 - Level 1.9 Dodging
 - Level 1.9 Stealth
 * Level 5.0 Spellcasting
 * Level 6.5 Summonings
 * Level 2.6 Invocations


You had 10 spell levels left.
You knew the following spells:

 Your Spells              Type           Power      Damage    Failure   Level
a - Summon Small Mammal   Summ           96%        N/A       1%          1
b - Call Imp              Summ           24%        N/A       1%          2
c - Call Canine Familiar  Summ           24%        N/A       3%          3

Your spell library contained the following spells:

 Spells                   Type           Power      Damage    Failure   Level
 Summon Guardian Golem    Hex/Summ       14%        N/A       12%         3
 Animate Skeleton         Necr           8%         N/A       16%         1
 Pain                     Necr           16%        1d4       16%         1
 Summon Lightning Spire   Summ/Air       14%        N/A       36%         4
 Tukima's Dance           Hex            4%         N/A       41%         3
 Vampiric Draining        Necr           4%         2d6       41%         3
 Anguish                  Hex/Necr       2%         N/A       83%         4
 Enfeeble                 Hex            2%         N/A       100%        7


Dungeon Overview and Level Annotations

Branches:
Dungeon (5/15)             Temple (0/1) D:4

Altars:
Dithmenos
Elyvilon
Makhleb
Nemelex Xobeh
Qazlal
Wu Jian
Yredelemnul

Shops:
D:2 ?!


Innate Abilities, Weirdness & Mutations

You have hoof-like feet.
A weak demonic guardian rushes to your aid.
You sometimes gain a little power by taking damage.
You are dopey. (Int -2)
You are strong-willed. (Will+)
You passively dampen the noise of your surroundings.


Message History

Confirm with . or Enter, or press ? or * to list all spells.
The killer bee closely misses you.
The killer bee stings you but does no damage.
The killer bee stings you. x3; The killer bee misses you.
Your crimson imp hits the killer bee.
The killer bee stings you.
Your bat hits the killer bee but does no damage.
Your hound closely misses the killer bee.
The killer bee closely misses you. The killer bee stings you!
You are poisoned.
The killer bee poisons you! The killer bee barely misses you.
The killer bee closely misses you. x2; The killer bee barely misses you.
Your crimson imp misses the killer bee.
You draw a card...
You have drawn the Swarm.
You feel sick. The killer bee stings you.
Your bat closely misses the killer bee.
The killer bee stings you!
* * * LOW HITPOINT WARNING * * *
A demonic guardian appears!
You are more poisoned.
The killer bee poisons you! The killer bee stings you.
* * * LOW HITPOINT WARNING * * *
You are more poisoned.
The killer bee poisons you!
Your hound barely misses the killer bee.
The killer bee stings you.
* * * LOW HITPOINT WARNING * * *
The killer bee misses you. The killer bee closely misses you.
Your crimson imp completely misses the killer bee.
Your magical contamination has completely faded away.
It was a potion of mutation.
You feel extremely strange.
You feel your surroundings grow quieter.
You feel stupid.
You feel strong-willed.
* * * LOW HITPOINT WARNING * * *
You feel very sick.
Your hound closely misses the killer bee.
Your killer bee stings the killer bee.
Your bat misses the killer bee. The killer bee stings you.
* * * LOW HITPOINT WARNING * * *
The killer bee stings you.
You die...
Your body glows with a rainbow of weird colours and disappears.

.............................#
.............................#
.............................#
.............................#
.............................#
.........#########'###########
##########....5.r...# #
...)..ybh5.# # .....yy@y..# #
....###y#### + ...


oyy # #. ..... . #...... #....... #........ ........## You could see 5 killer
bees, an orc, a friendly hound (summoned), 2 friendly killer bees, a friendly
iron imp (summoned), a friendly crimson imp (summoned), a friendly quokka
(summoned) and a friendly bat (summoned).

Vanquished Creatures
  4 adders
  2 worms
  2 dart slugs
  2 orcs (D:5)
  2 ball pythons
  2 endoplasms
  4 goblins
  2 hobgoblins
  3 bats (D:1)
  A frilled lizard (D:3)
  2 rats
26 creatures vanquished.

Vanquished Creatures (collateral kills)
  Grinder (D:3)
  A scorpion (D:4)
  A jelly (D:5)
  A howler monkey (D:4)
  An orc priest (D:3)
  Terence (D:3)
  A gnoll (D:1)
  2 adders
  2 worms
  3 dart slugs
  11 orcs
  A ball python (D:3)
  3 endoplasms
  A giant cockroach (D:4)
  7 goblins
  4 hobgoblins
  3 jackals (D:3)
  7 kobolds
  5 bats
  2 frilled lizards (D:3)
  A rat (D:1)
59 creatures vanquished.

Vanquished Creatures (others)
  2 plants (D:1)
2 creatures vanquished.

Grand Total: 87 creatures vanquished

Notes
Turn   | Place    | Note
-------+----------+-------------------------------------------
     0 | D:1      | Cecur the Demonspawn Summoner began the quest for the Orb.
     0 | D:1      | Reached XP level 1. HP: 13/13 MP: 3/3
   171 | D:1      | Gained mutation: You have large cloven feet. [demonic
                  | ancestry]
   171 | D:1      | Reached XP level 2. HP: 14/19 MP: 1/5
  1074 | D:1      | Found a faded altar of an unknown god.
  1106 | D:1      | Prayed at the altar of an unknown god.
  1106 | D:1      | Became a worshipper of Nemelex Xobeh the Trickster
  1106 | D:1      | Reached * piety under Nemelex Xobeh
  1106 | D:1      | Received a gift from Nemelex Xobeh
  1343 | D:1      | Gained mutation: A weak demonic guardian rushes to your
                  | aid. [demonic ancestry]
  1343 | D:1      | Reached XP level 3. HP: 21/24 MP: 3/6
  1580 | D:1      | Learned a level 2 spell: Call Imp
  1584 | D:1      | Learned a level 3 spell: Call Canine Familiar
  2146 | D:2      | Gained mutation: You sometimes gain a little power by
                  | taking damage. [demonic ancestry]
  2146 | D:2      | Reached XP level 4. HP: 29/30 MP: 1/8
  2513 | D:2      | Found Izit's Magic Scroll Emporium.
  2533 | D:2      | Found Ynneyhiq's Distillery.
  2563 | D:2      | Reached skill level 5 in Summonings
  2563 | D:2      | Reached skill level 1 in Invocations
  2852 | D:2      | Reached ** piety under Nemelex Xobeh
  3096 | D:3      | Noticed Grinder
  3142 | D:3      | Paralysed by Grinder for 7 turns
  3190 | D:3      | Paralysed by Grinder for 3 turns
  3298 | D:3      | Paralysed by Grinder for 7 turns
  3311 | D:3      | Killed Grinder
  3312 | D:3      | Reached XP level 5. HP: 20/35 MP: 1/11
  3312 | D:3      | Gained mutation: You have hoof-like feet. [demonic
                  | ancestry]
  3312 | D:3      | Reached XP level 6. HP: 24/41 MP: 1/12
  3670 | D:3      | Found a shadowy altar of Dithmenos.
  3737 | D:3      | Noticed Terence
  3748 | D:3      | Killed Terence
  3991 | D:3      | Reached skill level 6 in Summonings
  4764 | D:4      | Received a gift from Nemelex Xobeh
  4968 | D:4      | Found an ornate altar of the Wu Jian Council.
  5021 | D:4      | Found a staircase to the Ecumenical Temple.
  5051 | D:4      | Reached *** piety under Nemelex Xobeh
  5066 | D:4      | Found a stormy altar of Qazlal.
  5124 | D:4      | Received a gift from Nemelex Xobeh
  5414 | D:4      | Found a burning altar of Makhleb.
  5416 | D:4      | Found a sparkling altar of Nemelex Xobeh.
  5416 | D:4      | Found a basalt altar of Yredelemnul.
  5841 | D:5      | Entered Level 5 of the Dungeon
  5926 | D:5      | Received a gift from Nemelex Xobeh
  5948 | D:5      | Reached XP level 7. HP: 46/46 MP: 2/14
  6160 | D:5      | Reached skill level 5 in Spellcasting
  6277 | D:5      | Gained mutation: You passively dampen the noise of your
                  | surroundings. [potion of mutation]
  6277 | D:5      | Gained mutation: You are dopey. (Int -2) [potion of
                  | mutation]
  6277 | D:5      | Gained mutation: You are strong-willed. (Will+) [potion of
                  | mutation]
  6277 | D:5      | HP: 1/46 [killer bee (3)]
  6277 | D:5      | Slain by a killer bee

Illustrated notes

Levels and vault maps discovered:
D:1:      lightli_arrival_quake, layout_basic, dreamdust_ecumenical_altar_grove,
          minmay_tetromino_o4
D:2:      layout_loops_corners, serial_shops, nicolae_shop_advertising_works
          [nicolae_subvault_shop_adworks], nicolae_shop_trees
D:3:      layout_loops_ring, mainiacjoe_overflow_six_doors_small, dk_vineyard_3,
          uniq_terence, uniq_grinder
D:4:      layout_basic, nicolae_wu_jian_immortal_techniques, minitemple,
          overflow_temple_1_default, minmay_temple_entry_stoned_glass,
          st_stairs_5, chequers_decorated_corner, grunt_ministairs_11
D:5:      layout_gridville, nicolae_overflow_hidden_temple,
          uniq_crazy_yiuf_cottage

Skill      XL: |  1  2  3  4  5  6  7 |
---------------+----------------------+-----
Spellcasting   | 4 5 |  5.0
Summonings     | 5 6 |  6.5
Invocations    | 2 |  2.6
Dodging        | |  1.9
Stealth        | |  1.9

Action                   |  1- 3 |  4- 6 |  7- 9 || total
-------------------------+-------+-------+-------++-------
Melee: Unarmed           |     8 |       |       ||     8
       Dagger            |    53 |    65 |     3 ||   121
       Kick              |    17 |    17 |     2 ||    36
 Cast: Summon Small Mamm |    53 |    56 |    11 ||   120
       Call Imp          |     2 |    18 |     3 ||    23
       Call Canine Famil |     1 |    21 |     5 ||    27
Invok: Draw Summoning    |       |       |     1 ||     1
  Use: Potion            |       |       |     1 ||     1
 Stab: Distracted        |     1 |     1 |       ||     2
       Sleeping          |       |     1 |       ||     1
Armor: Robe              |    25 |    10 |     2 ||    37
Dodge: Dodged            |    53 |    69 |    11 ||   133

Table legend: (Time is in decaauts)
 A = Elapsed time spent in this place.
 B = Non-inter-level travel time spent in this place.
 C = Inter-level travel time spent in this place.
 D = Time resting spent in this place.
 E = Time spent auto-exploring this place.
 F = Levels seen in this place.
 G = Mean time per level.
                   A        B        C        D        E       F      G
               +--------+--------+--------+--------+--------+-----+--------+
         Total |   6277 |   6050 |    227 |     95 |   4971 |   5 | 1255.4 |
       Dungeon |   6277 |   6050 |    227 |     95 |   4971 |   5 | 1255.4 |
               +--------+--------+--------+--------+--------+-----+--------+

Top non-repeatable levels by time:
     D:1: 1610 daAuts
     D:3: 1515 daAuts
     D:2: 1509 daAuts
     D:4: 1205 daAuts
     D:5: 435 daAuts
